 Dungeon Crawl Stone Soup version 0.15-a0-462-gf669498 (webtiles) character file.

229722 Infinimo the Shatterer (level 18, -3/147 HPs)
             Began as a Demonspawn Gladiator on May 7, 2014.
             Was the Champion of Okawaru.
             Killed from afar by a guardian serpent (12 damage)
             ... with a bolt of poison
             ... on Level 4 of the Snake Pit.
             The game lasted 01:59:32 (45871 turns).

Infinimo the Shatterer (Demonspawn Gladiator)      Turns: 45871, Time: 01:59:32

HP  -3/147       AC 39     Str 27      XL: 18   Next: 63%
MP  27/27        EV  5     Int 15      God: Okawaru [******]
Gold 3845        SH  0     Dex 15      Spells:  0 memorised, 17 levels left

rFire  . . .     SeeInvis +     n - +7,+5 great mace (freeze)
rCold  . . .     Clarity  .     K - +2 crystal plate armour
rNeg   . . .     Conserve +     (no shield)
rPois  +         rCorr    .     v - +2 helmet {SInv}
rElec  .         rRot     +     z - +0 cloak {MR+}
SustAb . .       Spirit   .     H - +2 pair of gloves
rMut   .         Warding  .     (boots unavailable)
Saprov + . .     Stasis   .     M - amulet of conservation
MR     +++..                    q - ring "Hicin" {rPois MP+9}
                                s - ring "Stresuh" {MR+ Str+3 Int+3}

@: extremely resistant to hostile enchantments, extremely unstealthy
A: talons 3, iridescent scales 3, agile 1, clever 1, foul stench 1, mutation
resistance 1, saprovore 1, spiny 2
a: Heroism, Finesse, Renounce Religion
}: 1/15 runes: decaying


You were on level 4 of the Snake Pit.
You worshipped Okawaru.
Okawaru was exalted by your worship.
You were not hungry.

You visited 6 branches of the dungeon, and saw 38 of its levels.
You also visited: Ice Cave.

You collected 4148 gold pieces.
You spent 303 gold pieces at shops.

Inventory:

Hand weapons
 n - a +7,+5 great mace of freezing (weapon)
Missiles
 d - 5 throwing nets (quivered)
Armour
 v - a +2 helmet of see invisible (worn)
 z - a +0 cloak of magic resistance (worn)
 H - a +2 pair of gloves (worn)
 K - a +2 crystal plate armour (worn)
Magical devices
 j - a wand of teleportation (6)
 k - a wand of fireball (0)
 J - a wand of lightning (8)
 L - a wand of digging (11)
 T - a wand of disintegration (7)
Comestibles
 c - 8 apricots
 f - 15 bread rations
 r - 16 grapes
 u - 14 meat rations
 w - an apple
 C - 7 lychees
 D - a lemon
 E - 7 cheeses
 I - a choko
 R - 2 pears
 W - 8 strawberries
Scrolls
 a - 3 scrolls of fear
 p - 6 scrolls of remove curse
 t - 10 scrolls of identify
 B - a scroll of blinking
 G - a scroll of silence
 N - 2 scrolls of amnesia
 O - 2 scrolls of recharging
 Q - a scroll of magic mapping
 X - 6 scrolls of fog
Jewellery
 h - a cursed ring of flight
 o - an uncursed amulet of clarity
 q - the ring "Hicin" (right hand) {rPois MP+9}
   (You found it on level 10 of the Dungeon)

   [ring of magical power]

   It protects you from poison.
   It affects your magic capacity (+9).
 s - the ring "Stresuh" (left hand) {MR+ Str+3 Int+3}
   (You took it off an orc on level 15 of the Dungeon)

   [ring of protection from magic]

   It affects your strength (+3).
   It affects your intelligence (+3).
   It affects your resistance to hostile enchantments.
 x - a cursed ring of teleportation
 y - a +4 ring of dexterity {unknown}
 A - an uncursed ring of teleport control
 M - an amulet of conservation (around neck)
Potions
 b - 5 potions of might
 e - a potion of invisibility
 g - 6 potions of curing
 i - a potion of brilliance
 l - 3 potions of heal wounds
 m - a potion of agility
 F - a potion of restore abilities
 V - 2 potions of resistance


   Skills:
 + Level 14.7 Fighting
 * Level 23.4 Maces & Flails
 - Level 1.7 Throwing
 - Level 11.0 Armour
 - Level 2.6 Dodging
   Level 5.1 Shields


You had 17 spell levels left.
You didn't know any spells.

Dungeon Overview and Level Annotations

Branches:
Dungeon (15/15)            Temple (1/1) D:5             Orc (4/4) D:9
    Elf (0/3) Orc:3          Lair (8/8) D:11          Swamp (5/5) Lair:4
  Snake (5/5) Lair:6        Slime (0/6) Lair:6       Vaults (0/5) D:14
 Depths: D:15

Altars:
Ashenzari
Cheibriados
Dithmenos
Elyvilon
Fedhas
Kikubaaqudgha
Makhleb
Nemelex Xobeh
Okawaru
Sif Muna
Trog
Vehumet
Xom
Yredelemnul
Zin
The Shining One
Beogh

Shops:
Orc:2 }   Orc:4 :}**   Snake:3 !   Snake:4 ?(

Annotations:
D:8 1 exclusion
Lair:1 Harold


Innate Abilities, Weirdness & Mutations

You have claws for feet.
You are completely covered in iridescent scales (AC +8).
You emit a foul stench, and are resistant to rotting and decay.
You can tolerate rotten meat.
You are mostly covered in sharp spines.
You are agile. (Dex +2)
Your mind is acute. (Int +2)
You are somewhat resistant to further mutation.


Message History

The bolt hits you.
* * * LOW HITPOINT WARNING * * *
The bolt freezes you.
* * * LOW HITPOINT WARNING * * *
x2 Drink which item? (? for menu, Esc to quit)
You feel much better.
The guardian serpent coils itself and waves its upper body at you.
The bolt of poison hits you! You resist.
You bludgeon the naga sharpshooter!! You freeze the naga sharpshooter!
You claw the naga sharpshooter!
The naga sharpshooter is almost dead.
The guardian serpent hits you!
* * * LOW HITPOINT WARNING * * *
The naga sharpshooter shoots a bolt.
The bolt hits you!
* * * LOW HITPOINT WARNING * * *
The bolt freezes you!
* * * LOW HITPOINT WARNING * * *
x2 The guardian serpent casts a spell at you.
The bolt of poison hits you! You resist.
You die...

...# #..............#########'
...# #.........)....# #. ####
##########S##### #. .# #...[#
######## ># ########<#####
#....... '#### #............###
#....... ....####...........)).##
#....... ....'..#.......SN...#.[#
#....... ....##.........S@[..##)#
#.......
≈...####.......%....##)###.......
≈≈..# #........(...##))##.......
≈≈..# ################..........
≈≈#.# ####....... ≈##.# ########
....# #####


You could see a naga sharpshooter and 2 guardian serpents.

Vanquished Creatures
  Asterion (Snake:2)
  Rupert (Lair:7)
  Agnes (Snake:2)
  A thorn hunter (Swamp:4)
  2 frost giants (D:15)
  Donald (Snake:2)
  12 greater nagas
  A dire elephant (Lair:8)
  2 ettins (D:15)
  Snorg (Orc:4)
  8 vault guards
  2 great orbs of eyes (D:15)
  A fire dragon (D:15)
  32 hydras
  The ghost of zhaba the Transmogrifier, a powerful DrTm of Makhleb (Lair:3)
  7 naga warriors
  6 alligators
  7 anacondas
  2 shambling mangroves
  A deep troll shaman (Lair:8)
  3 tengu warriors
  7 shock serpents
  6 death yaks (Lair:8)
  An orc high priest (Orc:4)
  2 centaur warriors (D:15)
  7 naga sharpshooters
  A catoblepas (Lair:8)
  2 ice devils
  10 skeletal warriors
  2 salamander mystics
  2 spriggan druids (Swamp:5)
  5 hill giants
  3 orc knights
  9 swamp dragons
  2 ice statues (IceCv)
  Erolcha (D:9)
  3 unseen horrors
  7 naga ritualists
  A lindwurm (Lair:6)
  6 mana vipers
  A necromancer (D:15)
  A deep elf conjurer (D:15)
  6 orc sorcerers
  2 red wasps
  2 manticores
  14 salamanders
  2 cyclopes
  2 griffons
  23 elephants
  An elephant (shapeshifter) (D:15)
  27 black mambas
  3 gargoyles
  7 guardian serpents
  An orange demon (Orc:4)
  6 komodo dragons
  A feature mimic (D:15)
  A queen ant (Lair:4)
  22 spiny frogs
  2 freezing wraiths
  2 kobold demonologists (D:10)
  A deep elf priest (D:15)
  A fire drake (Lair:6)
  24 naga magi
  A polar bear (shapeshifter) (D:15)
  2 giant fireflies
  A brown ooze (D:10)
  7 blue devils (IceCv)
  2 wolf spider simulacra (D:15)
  A jumping spider (shapeshifter) (D:15)
  4 tengu conjurers
  7 trolls
  4 polar bears
  15 slime creatures
  13 blink frogs
  2 hydra skeletons
  2 basilisks
  6 giant leeches
  A two-headed ogre (D:13)
  8 bog bodies
  20 ravens
  4 baby alligators (Swamp:3)
  3 sharks
  A fire dragon zombie (D:15)
  3 shadows
  2 wyverns
  3 spriggans
  3 deep elf fighters
  27 ugly things
  58 yaks
  An elephant slug (Lair:7)
  4 hippogriffs
  3 wraiths
  2 hill giant zombies
  4 deep elf magi
  8 wolves
  4 hungry ghosts
  50 nagas
  21 soldier ants
  Edmund (D:6)
  43 water moccasins
  14 vampire mosquitoes
  47 swamp worms
  A warg (Orc:1)
  26 orc warriors
  19 swamp drakes
  7 porcupines
  A black bear (D:7)
  A phantom (Swamp:4)
  3 ice beasts
  A boring beetle (Lair:8)
  6 ogres
  6 sky beasts
  10 centaurs
  Duvessa (D:6)
  7 big kobolds
  7 crocodiles
  18 giant frogs
  9 giant slugs
  An ogre simulacrum (D:15)
  A komodo dragon zombie (D:13)
  A cyclops zombie (D:14)
  A wyvern zombie (D:14)
  2 giant slug zombies
  An eye of draining (shapeshifter) (D:14)
  13 insubstantial wisps
  10 scorpions
  A wyvern skeleton (D:11)
  A cyclops skeleton (D:15)
  21 wights
  21 killer bees
  Dowan (D:6)
  4 goliath beetles
  9 big fish
  A gnoll shaman (D:6)
  11 jellies
  A quasit (D:8)
  9 hounds
  30 orc priests
  13 crimson imps
  2 giant frog skeletons
  A centaur skeleton (D:4)
  A kobold zombie (D:14)
  A kobold skeleton (D:13)
  An iron imp (Orc:4)
  14 orange rats
  35 orc wizards
  A giant slug simulacrum (D:15)
  7 iguanas
  11 sheep
  29 worker ants
  A shapeshifter simulacrum (D:15)
  Ijyb (D:4)
  A big kobold skeleton (D:4)
  2 mottled dragon skeletons (D:15)
  An ogre skeleton (D:7)
  4 mummies
  A worker ant zombie (D:9)
  14 gnolls
  75 green rats
  9 white imps
  24 adders
  A giant mite (D:7)
  3 shadow imps
  An inept feature mimic (D:11)
  8 worms
  4 ufetubi (IceCv)
  An iguana zombie (D:7)
  6 giant eyeballs
  8 giant geckos
  13 oozes (D:10)
  128 orcs
  12 bats
  2 bat skeletons (D:4)
  17 goblins
  22 hobgoblins
  10 jackals
  11 quokkas
  3 ball pythons
  3 giant cockroaches
  4 giant newts
  3 giant spores
  2 hobgoblin zombies
  19 kobolds
  18 orc zombies
  29 rats
  A rat skeleton (D:5)
  6 ballistomycetes
  A plant (Lair:6)
1572 creatures vanquished.

Vanquished Creatures (collateral kills)
  A giant frog (Lair:6)
1 creature vanquished.

Vanquished Creatures (others)
  A naga ritualist (Snake:5)
  A guardian serpent (Snake:5)
  A naga mage (Snake:5)
  A black mamba (Snake:4)
  An orc priest (Orc:4)
  2 orc wizards
  4 ufetubi (IceCv)
  A white imp (IceCv)
  A rat (Lair:6)
  23 fungi
  8 plants
44 creatures vanquished.

Grand Total: 1617 creatures vanquished

Notes
Turn   | Place    | Note
--------------------------------------------------------------
     0 | D:1      | Infinimo, the Demonspawn Gladiator, began the quest for the Orb.
     0 | D:1      | Reached XP level 1. HP: 16/16 MP: 1/1
   556 | D:1      | Reached skill level 3 in Maces & Flails
   580 | D:1      | Gained mutation: You can tolerate rotten meat. [demonic ancestry]
   580 | D:1      | Reached XP level 2. HP: 22/22 MP: 2/2
   821 | D:2      | Gained mutation: You are partially covered in iridescent scales (AC +4). [demonic ancestry]
   821 | D:2      | Reached XP level 3. HP: 24/28 MP: 3/3
  1326 | D:3      | Found a shimmering altar of Xom.
  1400 | D:3      | Reached skill level 4 in Maces & Flails
  1400 | D:3      | Gained mutation: You are mostly covered in iridescent scales (AC +6). [demonic ancestry]
  1400 | D:3      | Reached XP level 4. HP: 24/35 MP: 4/4
  1750 | D:3      | Gained mutation: You have sharp toenails. [demonic ancestry]
  1750 | D:3      | Reached XP level 5. HP: 33/41 MP: 5/5
  2146 | D:4      | Reached skill level 5 in Maces & Flails
  2147 | D:4      | Noticed Ijyb
  2181 | D:4      | Killed Ijyb
  2190 | D:4      | Reached XP level 6. HP: 33/48 MP: 4/6
  2734 | D:4      | Reached skill level 6 in Maces & Flails
  3457 | D:4      | Gained mutation: You are partially covered in sharp spines. [demonic ancestry]
  3457 | D:4      | Reached XP level 7. HP: 53/55 MP: 7/7
  3486 | D:5      | Entered Level 5 of the Dungeon
  3554 | D:5      | Found a burning altar of Makhleb.
  3554 | D:5      | Found a shimmering altar of Xom.
  3579 | D:5      | Found a staircase to the Ecumenical Temple.
  3597 | Temple   | Entered the Ecumenical Temple
  3715 | Temple   | Became a worshipper of Warmaster Okawaru
  3844 | D:5      | Reached skill level 5 in Fighting
  3939 | D:5      | Reached skill level 7 in Maces & Flails
  4479 | D:6      | Found a shadowy altar of Dithmenos.
  4500 | D:6      | Noticed Duvessa
  4511 | D:6      | Noticed Dowan
  4523 | D:6      | Killed Duvessa
  4530 | D:6      | Killed Dowan
  4767 | D:6      | Reached XP level 8. HP: 63/63 MP: 8/8
  5010 | D:6      | Acquired Okawaru's first power
  5010 | D:6      | Reached skill level 8 in Maces & Flails
  5094 | D:6      | Noticed Edmund
  5103 | D:6      | Killed Edmund
  5761 | D:6      | Reached skill level 9 in Maces & Flails
  5814 | D:6      | Paralysed by a potion of paralysis for 6 turns
  6131 | D:7      | Gained mutation: You have razor-sharp toenails. [demonic ancestry]
  6131 | D:7      | Reached XP level 9. HP: 68/72 MP: 9/9
  6226 | D:7      | Noticed a gargoyle
  6227 | D:7      | Noticed a hill giant
  6630 | D:7      | Reached skill level 10 in Maces & Flails
  6856 | D:7      | Killed a gargoyle
  7112 | D:7      | Killed a hill giant
  7442 | D:7      | Reached skill level 11 in Maces & Flails
  7671 | D:7      | Reached XP level 10. HP: 82/82 MP: 10/10
  7745 | D:7      | Noticed an angel
  7746 | D:7      | Found a glowing silver altar of Zin.
  7973 | D:8      | Reached skill level 1 in Armour
  8275 | D:8      | Noticed a three-headed hydra
  9311 | D:9      | Reached skill level 12 in Maces & Flails
  9454 | D:9      | Acquired Okawaru's second power
  9604 | D:10     | Entered Level 10 of the Dungeon
  9852 | D:9      | Found a staircase to the Orcish Mines.
  9855 | D:9      | Noticed Erolcha
  9860 | D:9      | Killed Erolcha
  9971 | D:9      | Received a gift from Okawaru
 10113 | D:9      | Gained mutation: You emit a foul stench, and are resistant to rotting and decay. [demonic ancestry]
 10113 | D:9      | Reached XP level 11. HP: 87/87 MP: 11/11
 10120 | D:9      | Learned a level 2 spell: Repel Missiles
 10296 | D:10     | Got a slimy pewter ring
 10346 | D:10     | Paralysed by a giant eyeball for 4 turns
 10353 | D:10     | Paralysed by a giant eyeball for 4 turns
 10418 | D:10     | Reached skill level 5 in Armour
 10554 | D:10     | Reached skill level 13 in Maces & Flails
 11199 | D:10     | Noticed a hill giant
 11211 | D:10     | Killed a hill giant
 11644 | D:11     | Identified the ring "Hicin" {rPois MP+9} (You found it on level 10 of the Dungeon)
 11677 | D:11     | Found a staircase to the Lair.
 11882 | D:11     | Received a gift from Okawaru
 11900 | D:11     | Reached skill level 14 in Maces & Flails
 12748 | D:12     | Noticed a skeletal warrior
 12762 | D:12     | Killed a skeletal warrior
 12762 | D:12     | Reached XP level 12. HP: 61/94 MP: 12/12
 12766 | D:12     | Noticed a skeletal warrior
 12766 | D:12     | Noticed a skeletal warrior
 12974 | Lair:1   | Entered Level 1 of the Lair of Beasts
 13001 | Lair:1   | Noticed a six-headed hydra
 13009 | Lair:1   | Killed a six-headed hydra
 13009 | Lair:1   | Received a gift from Okawaru
 13061 | Lair:1   | Noticed Harold
 13705 | Lair:1   | Noticed a four-headed hydra
 13711 | Lair:1   | Killed a four-headed hydra
 13711 | Lair:1   | Reached skill level 15 in Maces & Flails
 15221 | Lair:3   | Noticed zhaba's ghost (powerful DrTm)
 15338 | Lair:3   | Noticed a six-headed hydra
 15344 | Lair:3   | Killed a six-headed hydra
 15463 | Lair:3   | Killed zhaba's ghost
 16011 | Lair:4   | Found a burning altar of Makhleb.
 16111 | Lair:4   | Received a gift from Okawaru
 16176 | Lair:4   | Found a staircase to the Swamp.
 16362 | Lair:4   | Gained mutation: You are completely covered in iridescent scales (AC +8). [demonic ancestry]
 16362 | Lair:4   | Reached XP level 13. HP: 65/99 MP: 13/13
 16380 | Lair:4   | Reached skill level 16 in Maces & Flails
 16853 | Lair:4   | Received a gift from Okawaru
 18230 | Lair:6   | Found a staircase to the Snake Pit.
 18321 | Lair:6   | Reached skill level 10 in Armour
 18466 | Lair:6   | Received a gift from Okawaru
 18874 | Lair:6   | Reached skill level 17 in Maces & Flails
 18916 | Lair:6   | Received a gift from Okawaru
 19014 | Lair:6   | Got a warped steam dragon armour {god gift}
 19035 | Lair:6   | Identified the -2 steam dragon armour of Trial and Error {rElec rF+ Str+2} (Okawaru gifted it to you on level 6 of the Lair of Beasts)
 19116 | Lair:6   | Found a staircase to the Slime Pits.
 19145 | Lair:6   | Identified 2 scrolls of acquirement
 19215 | Lair:6   | Gained mutation: You are agile. (Dex +2) [potion of mutation]
 19215 | Lair:6   | Gained mutation: Your mind is acute. (Int +2) [potion of mutation]
 19216 | Lair:6   | Gained mutation: You are somewhat resistant to further mutation. [potion of mutation]
 19419 | Lair:7   | Noticed Rupert
 19938 | Lair:7   | Found a frozen archway.
 20068 | IceCv    | Entered an ice cave
 20081 | IceCv    | Gained mutation: You are mostly covered in sharp spines. [demonic ancestry]
 20081 | IceCv    | Reached XP level 14. HP: 109/109 MP: 14/14
 21249 | Lair:7   | Reached skill level 10 in Fighting
 21441 | Lair:7   | Paralysed by Rupert for 3 turns
 21452 | Lair:7   | Killed Rupert
 22151 | Lair:8   | Entered Level 8 of the Lair of Beasts
 22165 | Lair:8   | Reached skill level 18 in Maces & Flails
 22184 | Lair:8   | Received a gift from Okawaru
 24047 | D:12     | Killed a skeletal warrior
 24047 | D:12     | Killed a skeletal warrior
 24382 | D:13     | Received a gift from Okawaru
 25033 | D:14     | Reached skill level 19 in Maces & Flails
 25154 | D:14     | Gained mutation: You have claws for feet. [demonic ancestry]
 25154 | D:14     | Reached XP level 15. HP: 86/115 MP: 15/15
 25283 | D:14     | Received a gift from Okawaru
 25647 | D:14     | Found a gate to the Vaults.
 26167 | D:15     | Entered Level 15 of the Dungeon
 26188 | D:15     | Paralysed by a great orb of eyes for 5 turns
 26208 | D:15     | Paralysed by a great orb of eyes for 6 turns
 26681 | D:15     | Got a fine lead ring
 26692 | D:15     | Identified the ring "Gemaoc" {Fire Int-2 Acc+4} (You found it on level 15 of the Dungeon)
 26761 | D:15     | Found a shimmering altar of Xom.
 26790 | D:15     | Paralysed by a giant eyeball for 4 turns
 26798 | D:15     | Paralysed by a giant eyeball for 2 turns
 26818 | D:15     | Reached skill level 20 in Maces & Flails
 27359 | D:15     | Got a brightly glowing jade ring
 27369 | D:15     | Found a glowing golden altar of the Shining One.
 27385 | D:15     | Paralysed by a great orb of eyes for 3 turns
 27468 | D:15     | Received a gift from Okawaru
 27696 | D:15     | Paralysed by a giant eyeball for 3 turns
 27720 | D:15     | Paralysed by a giant eyeball for 2 turns
 28049 | D:14     | Identified the ring "Stresuh" {MR+ Str+3 Int+3} (You took it off an orc on level 15 of the Dungeon)
 28839 | D:15     | Reached XP level 16. HP: 125/125 MP: 16/16
 28850 | D:15     | Paralysed by a giant eyeball for 4 turns
 28859 | D:15     | Paralysed by a giant eyeball for 3 turns
 28873 | D:15     | Noticed a storm dragon
 29056 | Orc:1    | Entered Level 1 of the Orcish Mines
 29508 | Orc:1    | Received a gift from Okawaru
 29695 | Orc:1    | Found a roughly hewn altar of Beogh.
 29911 | Orc:2    | Found Belahi Dyalo's Gadget Emporium.
 30398 | Orc:3    | Found a staircase to the Elven Halls.
 30695 | D:15     | Reached skill level 1 in Shields
 30719 | D:15     | Got a shimmering turquoise ring
 30732 | D:15     | Identified the ring "Raruqo" {+/*Tele rPois Dam+2} (You found it on level 15 of the Dungeon)
 31458 | Orc:4    | Entered Level 4 of the Orcish Mines
 31512 | Orc:4    | Found a roughly hewn altar of Beogh.
 32225 | Orc:4    | Found Fafe Wel's Gadget Emporium.
 32225 | Orc:4    | Found Emuism's Book Emporium.
 32231 | Orc:4    | Found Ghuhy's General Store.
 32231 | Orc:4    | Found Mizozum's Assorted Antiques.
 32334 | Orc:4    | Bought a tapered ivory wand for 100 gold pieces
 32336 | Orc:4    | Bought a +2 cloak for 203 gold pieces
 32449 | Orc:4    | Noticed Snorg
 32458 | Orc:4    | Killed Snorg
 33113 | Snake:1  | Entered Level 1 of the Snake Pit
 33275 | Snake:1  | Reached skill level 5 in Shields
 34092 | Snake:2  | Noticed Donald
 34101 | Snake:2  | Killed Donald
 34435 | Snake:2  | Noticed Asterion
 34444 | Snake:2  | Noticed a spectral weapon
 34446 | Snake:2  | Killed Asterion
 34446 | Snake:2  | Reached skill level 21 in Maces & Flails
 34523 | Snake:2  | Received a gift from Okawaru
 34526 | Snake:2  | Got an ichor-stained morningstar {god gift}
 34527 | Snake:2  | Identified the +1,-4 morningstar "Murmur" {freeze, rC+ MR++ Dex-3} (Okawaru gifted it to you on level 2 of the Snake Pit)
 34574 | Snake:2  | Noticed Agnes
 34584 | Snake:2  | Killed Agnes
 35664 | Snake:3  | Found Uxadi's Distillery.
 36015 | Snake:3  | Received a gift from Okawaru
 36790 | Snake:4  | Reached XP level 17. HP: 76/134 MP: 17/17
 37317 | Snake:4  | Found Pra Strap's Magic Scroll Shop.
 38323 | Snake:4  | Received a gift from Okawaru
 38488 | Snake:4  | Found Thriank Twesm's Antique Weapon Emporium.
 38652 | Snake:5  | Entered Level 5 of the Snake Pit
 38699 | Snake:5  | Reached skill level 22 in Maces & Flails
 39082 | Snake:5  | Received a gift from Okawaru
 40080 | Swamp:1  | Entered Level 1 of the Swamp
 40345 | Swamp:1  | Received a gift from Okawaru
 41991 | Swamp:3  | Reached XP level 18. HP: 138/145 MP: 18/18
 42335 | Swamp:3  | Found a blossoming altar of Fedhas.
 43276 | Swamp:4  | Reached skill level 23 in Maces & Flails
 43325 | Swamp:5  | Entered Level 5 of the Swamp
 44343 | Swamp:5  | Received a gift from Okawaru
 44789 | Swamp:5  | Got a decaying rune of Zot
 45871 | Snake:4  | Killed from afar by a guardian serpent

Action                   |  1- 3 |  4- 6 |  7- 9 | 10-12 | 13-15 | 16-18 || total
-------------------------+-------+-------+-------+-------+-------+-------++-------
Melee: Flail             |   127 |   248 |   136 |       |       |       ||   511
       Morningstar       |       |       |   250 |       |       |       ||   250
       Dire flail        |       |       |    78 |   284 |       |       ||   362
       Great mace        |       |       |       |   844 |   998 |  1163 ||  3005
       Shillelagh        |       |       |       |       |   448 |   309 ||   757
       Demon whip        |       |       |       |       |       |   244 ||   244
Invok: Heroism           |       |       |       |     1 |       |     1 ||     2
       Finesse           |       |       |       |     1 |       |       ||     1
Evoke: Wand              |       |       |     8 |     8 |     7 |     5 ||    28
  Use: Scroll            |     3 |     2 |     9 |    13 |    12 |    17 ||    56
       Potion            |       |       |     9 |       |    10 |    10 ||    29
 Stab: Confused          |       |       |       |       |     1 |       ||     1
       Invisible         |       |       |       |       |     1 |       ||     1
